 Dungeon Crawl Stone Soup version 0.25-a0-364-ge76b031 (webtiles) character file.

Game seed: 14894447126891524510, levelgen mode: deterministic

65 Birdy the Chopper (level 4, 0/38 HPs)
             Began as a Hill Orc Gladiator on Jan 4, 2020.
             Slain by a gnoll
             ... wielding a +0 flail
              (5 damage)
             ... on level 2 of the Dungeon.
             The game lasted 00:02:24 (858 turns).

Birdy the Chopper (Hill Orc Gladiator)               Turns: 858, Time: 00:02:25

Health: 0/38       AC:  4    Str: 16    XL:     4   Next: 14%
Magic:  4/4        EV: 12    Int:  8    God:
Gold:   98         SH:  0    Dex: 13    Spells: 3/3 levels left

rFire    . . .     SeeInvis .   a - +1 war axe
rCold    . . .     Gourm    .   (no shield)
rNeg     . . .     Faith    .   b - +0 leather armour
rPois    .         Spirit   .   c - +0 helmet
rElec    .         Reflect  .   (no cloak)
rCorr    .         Harm     .   (no gloves)
MR       .....                  (no boots)
Stlth    +.........             (no amulet)
HPRegen  0.12/turn              (no ring)
MPRegen  0.09/turn              (no ring)

@: no status effects
A: no striking features
a: no special abilities


You were on level 2 of the Dungeon.
You were not hungry.

You visited 1 branch of the dungeon, and saw 2 of its levels.

You collected 98 gold pieces.

Inventory:

Hand Weapons
 a - a +1 war axe (weapon)
Missiles
 d - 3 throwing nets (quivered)
 j - 5 javelins
Armour
 b - a +0 leather armour (worn)
 c - a +0 helmet (worn)
Wands
 g - a wand of paralysis (5)
Scrolls
 e - a scroll of enchant weapon
Comestibles
 f - 5 rations


   Skills:
 + Level 3.2 Fighting
 + Level 4.8 Axes
 - Level 1.7 Throwing
 + Level 2.9 Dodging
 + Level 1.3 Stealth


You had 3 spell levels left.
You didn't know any spells.
Your spell library was empty.

Dungeon Overview and Level Annotations

Branches:
Dungeon (2/15)

Altars:


Message History

You closely miss the leopard gecko. You closely miss the hobgoblin.
The leopard gecko bites you.
* * * LOW HITPOINT WARNING * * *
The hobgoblin hits you.
* * * LOW HITPOINT WARNING * * *
The gnoll hits you but does no damage.
You closely miss the gnoll. You closely miss the hobgoblin.
You barely miss the leopard gecko. You hit the gnoll.
The leopard gecko misses you. The hobgoblin hits you.
* * * LOW HITPOINT WARNING * * *
The gnoll hits you but does no damage. The gnoll completely misses you.
The leopard gecko misses you. The hobgoblin closely misses you.
Unknown command.
The leopard gecko bites you but does no damage.
The hobgoblin hits you but does no damage.
You see here a bat corpse.
You aren't carrying any potions.
Unknown command.
The gnoll hits you with a +0 flail.
You die...

####.#... #.>.# ...# #
#.#.... ...####.## ...
###.... .........##.#
. .#..# ...##.......#
#####.. ...#
..........####.......
..##
........#.(##........
..###..<
....#....##...))......
......#
.####..l.#...†.†......
..#...#..
#.@g..gg###.).<....
#.#...#..
#.....#######
#.%...... ........
...#### #.####...
..##.....# ... ..
#...>###.# . ... (
##...###.# .. ....
#........#..# ##...
...........#
#..........#


You could see 2 gnolls, a leopard gecko and a hobgoblin.

Vanquished Creatures
  2 gnolls (D:2)
  An ooze (D:1)
  A leopard gecko (D:1)
  3 giant cockroaches (D:1)
  5 goblins
  5 hobgoblins
  9 kobolds
  A quokka (D:2)
  A ball python (D:1)
  5 bats
  2 frilled lizards (D:2)
  3 rats
38 creatures vanquished.

Notes
Turn   | Place    | Note
-------+----------+-------------------------------------------
     0 | D:1      | Birdy the Hill Orc Gladiator began the quest for the Orb.
     0 | D:1      | Reached XP level 1. HP: 18/18 MP: 1/1
    57 | D:1      | Reached XP level 2. HP: 18/25 MP: 2/2
   438 | D:1      | Reached skill level 1 in Stealth
   438 | D:1      | Reached XP level 3. HP: 30/30 MP: 3/3
   683 | D:1      | You fall into a shaft and drop 1 floor!
   847 | D:2      | Reached XP level 4. HP: 13/38 MP: 4/4
   858 | D:2      | Slain by a gnoll

Levels and vault maps discovered:
D:1:      ncdulo_halloftheorcs, layout_basic, minmay_misc_feat_nine_boxes
D:2:      layout_rooms, kennysheep_generic_room_14

Skill      XL: |  1  2  3 |
---------------+----------+-----
Stealth        | 1 |  1.3
Fighting       | 3 |  3.2
Axes           | |  4.8
Throwing       | |  1.7
Dodging        | |  2.9

Action                   |  1- 3 |  4- 6 || total
-------------------------+-------+-------++-------
Melee: War axe           |    78 |     2 ||    80
  Use: Scroll            |     4 |       ||     4
       Potion            |     1 |       ||     1
 Stab: Sleeping          |     1 |       ||     1
Armor: Leather armour    |    29 |     4 ||    33
Dodge: Dodged            |   105 |     5 ||   110

Table legend:
 A = Non-vault XP
 B = Vault XP
 C = Vault XP percentage of total XP
 D = Non-vault monster count
 E = Vault monster count
 F = Vault count percentage of total count
                 A         B        C        D         E       F
            +---------+---------+-------+---------+---------+-------
      Total |      94 |       0 |   0.0 |      38 |       0 |   0.0
            +---------+---------+-------+---------+---------+-------
        D:1 |      47 |       0 |   0.0 |      24 |       0 |   0.0
        D:2 |      47 |       0 |   0.0 |      14 |       0 |   0.0
            +---------+---------+-------+---------+---------+-------
